 Dungeon Crawl Stone Soup version 0.27.0-1-g7a089689b8 (webtiles) character file.

Game seed: 9005467413449042664

98 HungrySpirit the Skirmisher (level 4, -1/40 HPs)
             Began as a Demigod Summoner on Aug 1, 2021.
             Slain by a crimson imp (4 damage)
             ... summoned by the player character
             ... on level 3 of the Dungeon.
             The game lasted 00:04:23 (3681 turns).

HungrySpirit the Skirmisher (Demigod Summoner)      Turns: 3681, Time: 00:04:24

Health: -1/40      AC:  2    Str: 13    XL:     4   Next: 20%
Magic:  0/9        EV: 12    Int: 17    God:
Gold:   112        SH:  0    Dex: 14    Spells: 3/6 levels left

rFire    . . .     SeeInvis .   g - +0 dagger
rCold    . . .     Faith    .   (no shield)
rNeg     . . .     Spirit   +   a - +0 robe
rPois    .         Reflect  .   (no helmet)
rElec    .         Harm     .   (no cloak)
rCorr    .         Rampage  .   (no gloves)
Will     .....                  (no boots)
Stlth    +.........             e - amulet of guardian spirit
HPRegen  0.13/turn              (no ring)
MPRegen  0.11/turn              (no ring)

@: confused
A: high mp 1, forlorn
a: no special abilities


You were on level 3 of the Dungeon.
You visited 1 branch of the dungeon, and saw 3 of its levels.

You collected 112 gold pieces.

Inventory:

Hand Weapons
 g - a +0 dagger (weapon)
 u - a +0 war axe
Missiles
 f - 15 poisoned darts (quivered)
Armour
 a - a +0 robe (worn)
 d - a +0 leather armour
Jewellery
 e - an amulet of guardian spirit (around neck)
 l - a ring of magical power
Wands
 s - a wand of flame (12)
Scrolls
 h - a scroll of silence {unknown}
 i - 2 scrolls of fear {unknown}
 n - a scroll of enchant armour {unknown}
 p - a scroll of noise {unknown}
 r - a scroll of summoning {unknown}
 t - a scroll of identify {unknown}
Potions
 b - a potion of cancellation {unknown}
 c - a potion of berserk rage {unknown}
 j - a potion of mutation {unknown}
 k - 2 potions of resistance {unknown}
 m - a potion of lignification {unknown}
 o - 2 potions of curing {unknown}
 q - 3 potions of might {unknown}


   Skills:
 * Level 3.7 Fighting
 - Level 1.7 Dodging
 - Level 1.7 Stealth
 - Level 1.7 Spellcasting
 - Level 3.6 Summonings


You had 3 spell levels left.
You knew the following spells:

 Your Spells              Type           Power      Damage    Failure   Level
a - Summon Small Mammal   Summ           52%        N/A       4%          1
b - Call Imp              Summ           13%        N/A       7%          2

Your spell library contained the following spells:

 Spells                   Type           Power      Damage    Failure   Level
 Call Canine Familiar     Summ           13%        N/A       14%         3
 Summon Guardian Golem    Hex/Summ       7%         N/A       28%         3
 Summon Lightning Spire   Summ/Air       7%         N/A       67%         4


Dungeon Overview and Level Annotations

Branches:
Dungeon (3/15)


Innate Abilities, Weirdness & Mutations

Your attributes grow dramatically as you level up.
You have an increased reservoir of magic. (+10% MP)
You shall have no god before yourself.


Message History

* * * LOW HITPOINT WARNING * * *
You hit something. Something hits you.
* * * LOW HITPOINT WARNING * * *
You swap places.
Your white imp disappears in a puff of smoke!
You hear some strange, mumbled words.
Your crimson imp easily resists.
Unknown command.
Something closely misses your crimson imp.
Unknown command.
Casting: Call Imp (safe; 7% risk of failure)
Confirm with . or Enter, or press ? or * to list all spells.
A beastly little devil appears in a puff of frigid air.
An orc wizard appears from thin air!
Reactivating autopickup.
The orc wizard gestures wildly while chanting.
The orc wizard flickers and vanishes!
Deactivating autopickup; reactivate with Ctrl-A.
Unknown command.
A puff of flame appears from out of thin air!
The puff of flame hits you.
* * * LOW HITPOINT WARNING * * *
Your crimson imp disappears in a puff of smoke!
Things that are here:
48 stones; a +0 dagger Your white imp closely misses something.
Your white imp closely misses something.
There is a stone staircase leading down here.
You see here a +0 hand axe.
You are confused.
Are you sure you want to stumble around while confused and next to your crimson imp? [Y]es or [N]o only, please.
Are you sure you want to stumble around while confused and next to your crimson imp?
Okay, then.
Your crimson imp appears confused.
A magic dart appears from out of thin air!
The magic dart hits you.
* * * LOW HITPOINT WARNING * * *
Your crimson imp hits you.
You die...

........ยง............#
.###########.#...#####
.###########.(...########
..........###....##.....#
...............[........#
.##.##########...##.....#
.##.# #....{5##.....#
.##{# #.##.#5##.....#
.##o# # #.#@##.....#
.##o# #.#.##.....# ...o#
#.#.##.....# ###.#
#.#.######## #)#
#.#<.....# #.# #.########
#$. #.# #.#


You could see a friendly crimson imp (summoned, confused) and a friendly white
imp (summoned).

Vanquished Creatures
  A dart slug (D:1)
  3 bats
  An endoplasm (D:2)
  3 giant cockroaches
  2 goblins (D:1)
  2 hobgoblins
  3 jackals (D:3)
  2 kobolds
  2 quokkas
  3 ball pythons (D:1)
  6 rats
28 creatures vanquished.

Vanquished Creatures (collateral kills)
  A scorpion (D:2)
  An orc wizard (D:3)
  An adder (D:3)
  9 orcs (D:3)
  A ball python (D:1)
  An endoplasm (D:2)
  2 goblins
  A hobgoblin (D:1)
  2 rats (D:1)
19 creatures vanquished.

Grand Total: 47 creatures vanquished

Notes
Turn   | Place    | Note
-------+----------+-------------------------------------------
     0 | D:1      | HungrySpirit the Demigod Summoner began the quest for the
                  | Orb.
     0 | D:1      | Reached XP level 1. HP: 14/14 MP: 5/5
   549 | D:1      | Reached skill level 1 in Fighting
   739 | D:1      | Reached XP level 2. HP: 17/23 MP: 7/7
   815 | D:1      | Learned a level 2 spell: Call Imp
  2025 | D:2      | Noticed a scorpion
  2048 | D:2      | Killed a scorpion
  2049 | D:2      | Reached XP level 3. HP: 31/31 MP: 1/8
  2775 | D:3      | Reached XP level 4. HP: 39/39 MP: 1/9
  3681 | D:3      | Slain by a crimson imp

Illustrated notes

Levels and vault maps discovered:
D:1:      mrwooster_arrival_statue, layout_loops_ring
D:2:      layout_loops_cross
D:3:      layout_basic, nrook_mini_vaults

Skill      XL: |  1  2 |
---------------+-------+-----
Fighting       | 1 3 |  3.7
Dodging        | |  1.7
Stealth        | |  1.7
Spellcasting   | |  1.7
Summonings     | |  3.6

Action                   |  1- 3 |  4- 6 || total
-------------------------+-------+-------++-------
Melee: Whip              |    18 |       ||    18
       Dagger            |    93 |    64 ||   157
       Unarmed           |     6 |       ||     6
 Cast: Summon Small Mamm |    14 |       ||    14
       Call Imp          |    18 |    12 ||    30
 Stab: Sleeping          |     7 |       ||     7
       Distracted        |     1 |       ||     1
Armor: Robe              |    21 |    12 ||    33
Dodge: Dodged            |    64 |    47 ||   111
